 Dungeon Crawl Stone Soup version 0.19.5 (webtiles) character file.

104 Jerry the Sneak (level 4, -7/30 HPs)
             Began as a Vampire Enchanter on Apr 5, 2017.
             Mangled by a gnoll
             ... wielding a +0 spear
              (9 damage)
             ... on level 2 of the Dungeon.
             The game lasted 00:04:40 (2369 turns).

Jerry the Sneak (Vampire Enchanter)                 Turns: 2369, Time: 00:04:41

Health: -7/30      AC:  4    Str:  7    XL:     4   Next: 52%
Magic:  0/7        EV: 12    Int: 18    God:
Gold:   121        SH:  0    Dex: 14    Spells: 2 memorised, 5 levels left

rFire  . . .     SeeInvis +     a - +1 dagger
rCold  + . .     Gourm    .     b - +1 robe
rNeg   + + .     Faith    .     (no shield)
rPois  +         Spirit   .     (no helmet)
rElec  .         Reflect  .     (no cloak)
rCorr  .         Harm     +     (no gloves)
MR     .....                    h - +0 pair of boots
Stlth  ++++......               j - amulet of harm
                                (no ring)
                                (no ring)

@: very slightly contaminated, regenerating slowly
A: fangs 3, see invisible, unbreathing
a: Bat Form


You were on level 2 of the Dungeon.
You were very thirsty.

You visited 1 branch of the dungeon, and saw 2 of its levels.

You collected 121 gold pieces.

Inventory:

Hand Weapons
 a - a +1 dagger (weapon)
Armour
 b - a +1 robe (worn)
 h - a +0 pair of boots (worn)
Jewellery
 j - an amulet of harm (around neck)
Scrolls
 e - a scroll of enchant weapon {unknown}
 i - a scroll of identify {unknown}
 l - a scroll of amnesia {unknown}
Potions
 d - 15 potions of blood
 f - 2 potions of curing {unknown}
 g - a potion of berserk rage {unknown}
 k - a potion of haste {unknown}
 m - a potion of heal wounds
 n - a potion of degeneration {unknown}
Books
 c - a book of Maledictions

   Spells                             Type                      Level
   a - Corona                         Hexes                        1
   b - Ensorcelled Hibernation        Hexes/Ice                    2
   c - Confuse                        Hexes                        3
   d - Tukima's Dance                 Hexes                        3
   e - Dazzling Spray                 Conjuration/Hexes            3


   Skills:
 + Level 2.3 Short Blades
 - Level 2.1 Dodging
 + Level 6.0 Stealth
 + Level 2.6 Spellcasting
 + Level 5.3 Hexes


You had 5 spell levels left.
You knew the following spells:

 Your Spells              Type           Power        Failure   Level  Hunger
a - Corona                Hex            ###....      1%          1    #......
b - Ensorcelled Hibernat  Hex/Ice        ##....       12%         2    ##.....


Dungeon Overview and Level Annotations

Branches:
Dungeon (2/15)

Altars:


Innate Abilities, Weirdness & Mutations

You heal slowly.
You have razor-sharp teeth.
You have supernaturally acute eyesight. (SInv)
You can survive without breathing.


Message History

Aim: a gnoll, wielding a spear (chance to defeat MR: 51%)
You miscast Ensorcelled Hibernation.
You are very lightly contaminated with residual magic.
The light around you dims momentarily. The gnoll misses you.
Unknown command.
Unknown command.
You hit the gnoll. You bite the gnoll, but do no damage.
The gnoll is lightly wounded.
The gnoll closely misses you.
You hit the gnoll but do no damage.
The gnoll is lightly wounded.
The gnoll hits you with a spear.
* * * LOW HITPOINT WARNING * * *
You hit the gnoll.
The gnoll is moderately wounded.
The gnoll barely misses you.
You closely miss the gnoll.
The gnoll is moderately wounded.
The gnoll hits you with a spear!
You die...

########...###.......#+#.....#
.................####........#
............w......).........##
#......#############........).#
......[..........###.#.######.##
#......####.......##.#+######..#
#......# #.......##...........#
#......# #.......##....[.......#
#......# ###...@g............#.#
#......######.................#.#
#....................##.$...###..
#............###.###.##.....# ..
#######......# #.# #%..)....'. .
#######......###$# ####.....##
......'........#.. ....##
#######......#.### #.#
.............#


You could see a gnoll.

Vanquished Creatures
  4 adders (D:2)
  2 gnolls (D:2)
  2 oozes
  A dart slug (D:1)
  5 bats
  2 giant cockroaches (D:1)
  7 goblins
  7 hobgoblins
  3 kobolds (D:1)
  A frilled lizard (D:1)
  4 rats
38 creatures vanquished.

Notes
Turn   | Place    | Note
-------+----------+-------------------------------------------
     0 | D:1      | Jerry the Vampire Enchanter began the quest for the Orb.
     0 | D:1      | Reached XP level 1. HP: 13/13 MP: 3/3
   357 | D:1      | Reached XP level 2. HP: 16/19 MP: 5/5
   622 | D:1      | Learned a level 2 spell: Ensorcelled Hibernation
   782 | D:1      | Reached skill level 5 in Stealth
   961 | D:1      | Reached XP level 3. HP: 24/24 MP: 6/6
  1225 | D:2      | Reached skill level 5 in Hexes
  2202 | D:2      | Reached XP level 4. HP: 30/30 MP: 7/7
  2294 | D:2      | Reached skill level 6 in Stealth
  2369 | D:2      | Mangled by a gnoll

Skill      XL: |  1  2  3  4 |
---------------+-------------+-----
Stealth        | 5 6 |  6.0
Hexes          | 5 |  5.3
Short Blades   | 2 |  2.3
Dodging        | |  2.1
Spellcasting   | |  2.6

Action                   |  1- 3 |  4- 6 || total
-------------------------+-------+-------++-------
Melee: Dagger            |   104 |    23 ||   127
       Bite              |     9 |     3 ||    12
 Cast: Corona            |     2 |       ||     2
       Ensorcelled Hiber |     8 |     6 ||    14
  Use: Potion            |     2 |       ||     2
 Stab: Sleeping          |    11 |     4 ||    15
       Distracted        |     2 |       ||     2
Armor: Robe              |    35 |     3 ||    38
Dodge: Dodged            |    75 |    12 ||    87
